 Dungeon Crawl Stone Soup version 0.28-a0-224-g76b539d98b (webtiles) character file.

Game seed: 3617718680621001585

116 zdrol the Chopper (level 4, -3/40 HPs)
             Began as a Minotaur Monk on Aug 21, 2021.
             Slain by Ijyb (5 damage)
             ... on level 4 of the Dungeon.
             The game lasted 00:07:41 (2197 turns).

zdrol the Chopper (Minotaur Monk)                   Turns: 2197, Time: 00:07:42

Health: -3/40      AC:  3    Str: 16    XL:     4   Next: 69%
Magic:  3/3        EV: 13    Int:  7    God:
Gold:   123        SH:  0    Dex: 13    Spells: 3/3 levels left

rFire   . . .      SeeInvis .   a - +1 hand axe
rCold   . . .      Faith    .   (no shield)
rNeg    . . .      Spirit   .   b - +0 robe
rPois   .          Reflect  .   (helmet restricted)
rElec   .          Harm     .   (no cloak)
rCorr   .          Rampage  .   j - +0 pair of gloves
Will    .....                   (no boots)
Stlth   ++........              (no amulet)
HPRegen 0.13/turn               c - ring of wizardry
MPRegen 0.08/turn               (no ring)

@: no status effects
A: horns 2, retaliatory headbutt
a: no special abilities


You were on level 4 of the Dungeon.
You visited 1 branch of the dungeon, and saw 4 of its levels.

You collected 123 gold pieces.

Inventory:

Hand Weapons
 a - a +1 hand axe (weapon)
Missiles
 i - 15 poisoned darts (quivered)
Armour
 b - a +0 robe (worn)
 j - a +0 pair of gloves (worn)
Magical Staves
 d - a staff of death
Jewellery
 c - a ring of wizardry (left hand)
Scrolls
 k - a scroll of noise {unknown}
 l - a scroll of identify
Potions
 e - 2 potions of magic
 f - a potion of haste {unknown}
 g - a potion of degeneration {unknown}
 h - a potion of brilliance {unknown}


   Skills:
 + Level 4.3 Fighting
 + Level 5.0 Axes
 + Level 4.4 Dodging
 + Level 2.0 Stealth


You had 3 spell levels left.
You didn't know any spells.
Your spell library contained the following spells:

 Spells                   Type           Power      Damage    Failure   Level
 Shock                    Conj/Air       0%         1d3       19%         1
 Swiftness                Air            0%         N/A       45%         3
 Airstrike                Air            0%         N/A       86%         4


Dungeon Overview and Level Annotations

Branches:
Dungeon (3/15)

Altars:
Beogh

Annotations:
D:4 Ijyb


Innate Abilities, Weirdness & Mutations

You have a pair of horns on your head.
You reflexively headbutt those who attack you in melee.


Message History

You furiously retaliate!
You headbutt the kobold. You closely miss Ijyb. You closely miss the kobold.
Ijyb zaps a wand.
You suddenly lose the ability to move!
The kobold hits you but does no damage. The water moccasin skeleton bites you.
Ijyb hits you with a +0 dagger. The kobold hits you but does no damage.
The water moccasin skeleton bites you but does no damage.
Ijyb hits you with a +0 dagger. The water moccasin skeleton bites you.
The kobold hits you with a +0 whip.
The water moccasin skeleton bites you but does no damage.
Ijyb hits you but does no damage. The kobold hits you but does no damage.
The water moccasin skeleton bites you.
* * * LOW HITPOINT WARNING * * *
Ijyb hits you but does no damage. The kobold hits you with a +0 whip.
* * * LOW HITPOINT WARNING * * *
You can move again.
Ijyb barely misses you. You furiously retaliate!
You headbutt Ijyb, but do no damage. Ijyb screams, "I no like you!"
You hit Ijyb.
Ijyb is lightly wounded.
You miss Ijyb.
Ijyb is lightly wounded.
You hit the water moccasin skeleton. The water moccasin skeleton bites you!
* * * LOW HITPOINT WARNING * * *
Ijyb zaps a wand.
You resist with some effort.
You closely miss Ijyb. Your headbutt misses Ijyb.
Ijyb is lightly wounded.
You barely miss the water moccasin skeleton.
The water moccasin skeleton closely misses you.
Ijyb hits you but does no damage.
You hit Ijyb. Your headbutt misses Ijyb.
Ijyb is moderately wounded.
You barely miss the kobold. Ijyb barely misses you. You furiously retaliate!
You headbutt Ijyb. You hit Ijyb.
Ijyb is heavily wounded.
You hit the kobold.
You kill the kobold!
Ijyb hits you with a +0 dagger.
You die...

.......
.........?
......$...
#.........
.........
?........
##........
#@........
######gZ.......
#..............
#..............
#..............
#..............
########......#
####.## .#


You could see Ijyb and a water moccasin skeleton.

Vanquished Creatures
  A jelly (D:4)
  3 adders (D:2)
  2 worms
  2 dart slugs (D:1)
  6 orcs
  2 endoplasms (D:1)
  3 giant cockroaches
  4 goblins
  3 hobgoblins
  4 jackals
  3 kobolds
  3 quokkas
  8 ball pythons
  2 bats
  4 frilled lizards
  7 rats
57 creatures vanquished.

Notes
Turn   | Place    | Note
-------+----------+-------------------------------------------
     0 | D:1      | zdrol the Minotaur Monk began the quest for the Orb.
     0 | D:1      | Reached XP level 1. HP: 19/19 MP: 0/0
   308 | D:1      | Reached XP level 2. HP: 27/27 MP: 1/1
   393 | D:1      | Reached skill level 4 in Axes
   426 | D:1      | Found a faded altar of an unknown god.
   954 | D:2      | Reached XP level 3. HP: 24/33 MP: 2/2
  1417 | D:2      | Reached XP level 4. HP: 40/40 MP: 3/3
  2177 | D:3      | You fall into a shaft and drop 1 floor!
  2177 | D:4      | Noticed Ijyb
  2185 | D:4      | Reached skill level 5 in Axes
  2186 | D:4      | Paralysed by Ijyb for 5 turns
  2194 | D:4      | HP: 2/40 [water moccasin skeleton (7)]
  2197 | D:4      | Slain by Ijyb

Illustrated notes

Levels and vault maps discovered:
D:1:      heliophobic_arrival_henge, layout_loops_ring,
          hellmonk_ecumenical_altar_defaced_shrine, columned_hall_lemuel
D:2:      layout_basic
D:3:      kennysheep_goblin_castle, layout_rooms, mainiacjoe_overflow_alcove_3
D:4:      layout_rooms, minmay_misc_feat_encased, minmay_misc_feat_cross,
          uniq_ijyb, uniq_grinder, uniq_duvessa

Skill      XL: |  1  2  3  4 |
---------------+-------------+-----
Axes           | 4 5 |  5.0
Dodging        | 4 |  4.4
Fighting       | 4 |  4.3
Stealth        | 2 |  2.0

Action                   |  1- 3 |  4- 6 || total
-------------------------+-------+-------++-------
Melee: Hand axe          |    70 |    42 ||   112
       Headbutt          |    12 |     9 ||    21
  Use: Scroll            |     3 |       ||     3
 Stab: Sleeping          |     2 |       ||     2
Armor: Robe              |    10 |    17 ||    27
Dodge: Dodged            |    54 |    47 ||   101

Table legend: (Time is in decaauts)
 A = Elapsed time spent in this place.
 B = Non-inter-level travel time spent in this place.
 C = Inter-level travel time spent in this place.
 D = Time resting spent in this place.
 E = Time spent auto-exploring this place.
 F = Levels seen in this place.
 G = Mean time per level.
                   A        B        C        D        E       F      G
               +--------+--------+--------+--------+--------+-----+--------+
         Total |   2205 |   2205 |      0 |    181 |   1158 |   4 |  551.2 |
       Dungeon |   2205 |   2205 |      0 |    181 |   1158 |   4 |  551.2 |
               +--------+--------+--------+--------+--------+-----+--------+

Top non-repeatable levels by time:
     D:2: 1192 daAuts
     D:1: 947 daAuts
     D:3: 44 daAuts
     D:4: 20 daAuts
